 Seeded DCSS version 0.26.1-10-gdfb7c7de75 (webtiles) character file.

Game seed: 13435453013147752700 (custom seed)

51 wilfster70 the Chiller (level 3, -11/20 HPs)
             Began as a Gargoyle Ice Elementalist on Apr 9, 2021.
             Was an Initiate of Okawaru.
             Killed by divine providence
             ... invoked by an orc priest
              (12 damage)
             ... on level 4 of the Dungeon.
             The game lasted 00:04:07 (1437 turns).

wilfster70 the Chiller (Gargoyle Ice Elementalist)  Turns: 1437, Time: 00:04:08

Health: -11/20     AC:  6    Str: 11    XL:     3   Next: 83%
Magic:  6/6        EV: 11    Int: 16    God:    Okawaru [......]
Gold:   95         SH:  0    Dex: 10    Spells: 2/6 levels left

rFire    + . .     SeeInvis .   a - +0 hand axe
rCold    . . .     Faith    .   (no shield)
rNeg     + . .     Spirit   .   d - +0 leather armour
rPois    ∞         Reflect  .   (no helmet)
rElec    +         Harm     .   (no cloak)
rCorr    .         Rampage  .   (no gloves)
Will     .....                  (no boots)
Stlth    ++........             (no amulet)
HPRegen  0.06/turn              m - ring of protection from fire
MPRegen  0.10/turn              (no ring)

@: mighty
A: negative energy resistance 1, electricity resistance, unbreathing,
petrification resistance, miasma immunity, AC +3
a: Renounce Religion


You were on level 4 of the Dungeon.
You worshipped Okawaru.
Okawaru was noncommittal.
You visited 1 branch of the dungeon, and saw 3 of its levels.

You collected 95 gold pieces.

Inventory:

Hand Weapons
 a - a +0 hand axe (weapon)
Armour
 c - a +0 robe
 d - a +0 leather armour (worn)
Jewellery
 m - a ring of protection from fire (left hand)
Scrolls
 b - 3 scrolls of teleportation {unknown}
 g - a scroll of fear {unknown}
 h - a scroll of random uselessness {unknown}
 i - a scroll of identify {unknown}
 j - a scroll of amnesia {unknown}
 k - a scroll of enchant weapon {unknown}
 n - 2 scrolls of immolation {unknown}
 o - a scroll of remove curse {unknown}
Potions
 e - a potion of haste {unknown}
 f - 2 potions of might
 l - a potion of mutation {unknown}


   Skills:
 + Level 1.1 Fighting
 + Level 1.0 Axes
 + Level 1.2 Armour
 - Level 1.5 Dodging
 - Level 2.1 Stealth
 + Level 2.3 Spellcasting
 * Level 4.4 Ice Magic


You had 2 spell levels left.
You knew the following spells:

 Your Spells              Type           Power        Failure   Level
a - Freeze                Ice            64%          4%          1
b - Frozen Ramparts       Ice            32%          13%         3

Your spell library contained the following spells:

 Spells                   Type           Power        Failure   Level
 Ozocubu's Armour         Ice            16%          13%         3
 Hailstorm                Conj/Ice       9%           71%         4
 Summon Ice Beast         Ice/Summ       9%           71%         4


Dungeon Overview and Level Annotations

Branches:
Dungeon (4/15)
 Temple: D:4-7

Altars:
Ashenzari
Okawaru


Innate Abilities, Weirdness & Mutations

You are resistant to torment.
Your stone body is resilient. (AC +3)
You are immune to poison.
You resist negative energy. (rN+)
You are resistant to electric shocks. (rElec)
You can survive without breathing.
You are immune to petrification.
You are immune to miasma.


Message History

The orc wizard gestures wildly while chanting.
The orc wizard seems to speed up.
The centaur skeleton hits you but does no damage.
An orc comes into view. It is wielding a +0 hand axe.
You closely miss the orc priest.
The orc shouts!
You hit the centaur skeleton.
The orc priest hits you with a +0 hand axe.
* * * LOW HITPOINT WARNING * * *
The centaur skeleton completely misses you.
The orc priest looks encouraged for a moment.
The centaur skeleton closely misses you.
The orc wizard gestures wildly while chanting.
The orc wizard blinks!
The orc priest closely misses you.
The orc wizard gestures wildly while chanting.
The orc wizard blinks!
The orc priest mumbles some strange prayers to Beogh against you.
Beogh smites you!
Ouch! That really hurt!
You die...

...# #..# #..#
#..# #..# #..#
#..# ######..#
#..#######.......#
#.....<......##.##
#.########...##.#
#.# ######.### #.#
#.@.# #. ###O# ##
######Z#
#.##...##.#
#........o#
##..##.##§.#
##...#...#o.#
......o.....#
##....._....#


You could see an ogre, an orc priest and a centaur skeleton.

Vanquished Creatures
  3 adders
  2 ball pythons
  A giant cockroach (D:4)
  A goblin (D:2)
  3 hobgoblins (D:1)
  2 jackals (D:1)
  7 kobolds
  A quokka (D:4)
  A frilled lizard (D:4)
  2 rats
23 creatures vanquished.

Notes
Turn   | Place    | Note
-------+----------+-------------------------------------------
     0 | D:1      | wilfster70 the Gargoyle Ice Elementalist began the quest
                  | for the Orb.
     0 | D:1      | Reached XP level 1. HP: 10/10 MP: 3/3
   167 | D:1      | Found a broken altar of Ashenzari.
   342 | D:1      | Reached XP level 2. HP: 11/16 MP: 3/5
   877 | D:1      | Reached XP level 3. HP: 9/20 MP: 0/6
   881 | D:1      | Learned a level 3 spell: Frozen Ramparts
  1090 | D:2      | Reached skill level 1 in Armour
  1202 | D:2      | You fall into a shaft and drop 2 floors!
  1327 | D:4      | Reached skill level 1 in Fighting
  1373 | D:4      | Reached skill level 1 in Axes
  1409 | D:4      | Noticed an ogre
  1412 | D:4      | Found an iron altar of Okawaru.
  1418 | D:4      | Became a worshipper of Warmaster Okawaru
  1430 | D:4      | HP: 1/20 [orc priest/+0 hand axe (3)]
  1437 | D:4      | Killed from afar by an orc priest

Illustrated notes

Levels and vault maps discovered:
D:1:      giann_forest_graveyard, layout_rooms, serial_curves, eino_curves_03,
          eino_curves_03, hangedman_abyss_or_decor_stabs,
          nicolae_ashenzari_panopticon
D:2:      layout_rooms
D:4:      layout_loops_ring, nicolae_overflow_hidden_temple, okawaru_gym_becter

Skill      XL: |  1  2  3 |
---------------+----------+-----
Armour         | 1 |  1.2
Fighting       | 1 |  1.1
Axes           | 1 |  1.0
Dodging        | |  1.5
Stealth        | |  2.1
Spellcasting   | |  2.3
Ice Magic      | |  4.4

Action                   || total
-------------------------++-------
Melee: Hand axe          ||    62
 Cast: Freeze            ||    26
  Use: Potion            ||     1
 Stab: Sleeping          ||     1
Armor: Leather armour    ||    28
Dodge: Dodged            ||    57
